Map: 2000 Atmospheres LE

Players

Jaedolph

  • Race: Terran Terran
  • League: Master

A.I. 1 (Very Easy) - Winner!

  • Race: Zerg Zerg

VOD

Have the link to the VOD?

Description

Time

  • Played on: Sept. 24, 2021, 8:31 p.m.
  • Length: 9:13
Show
View Real Time Build Order
Export as new Build Order

Jaedolph Terran 

Build Orders: Liberator Opening, Reaper Expand 

Get SALT Encoding   

  12  0:00  SCV  
  13  0:12  SCV  
  14  0:17  Supply Depot  
  14  0:24  SCV  
  15  0:38  SCV  
  15  0:40  Barracks  
  16  0:43  Refinery  
  16  0:50  SCV  
  17  1:02  SCV  
  18  1:14  SCV  
  19  1:27  Orbital Command, Reaper  
  20  1:40  Command Center  
  20  1:51  Supply Depot  
  20  1:52  SCV  
  21  1:59  Marine  
  22  2:05  SCV  
  23  2:12  Refinery  
  23  2:14  Factory  
  23  2:17  SCV  
  24  2:24  Barracks Reactor  
  24  2:29  SCV  
  25  2:41  SCV  
  26  2:54  Orbital Command  
  26  2:56  SCV  
  27  3:00  Starport  
  27  3:08  Hellion x2, Barracks Tech Lab, SCV  
  32  3:12  Supply Depot  
  32  3:20  SCV x2  
  34  3:29  Hellion  
  34  3:30  Hellion  
  34  3:32  SCV  
  39  3:35  SCV  
  39  3:37  Liberator  
  43  3:43  Stimpack  
  43  3:44  SCV, Supply Depot  
  43  3:48  SCV  
  45  3:51  Hellion x2  
  49  3:56  SCV  
  49  4:00  SCV  
  51  4:08  SCV  
  51  4:09  Command Center  
  52  4:18  Barracks  
  52  4:20  Factory Tech Lab  
  52  4:21  Barracks  
  52  4:25  SCV x2  
  52  4:27  Starport Reactor  
  54  4:34  Supply Depot  
  54  4:37  Engineering Bay, SCV x2  
  56  4:40  Engineering Bay  
  56  4:46  Refinery  
  56  4:47  Refinery  
  56  4:49  SCV x2  
  58  4:58  Marine  
  58  4:59  Siege Tank  
  62  5:01  SCV  
  62  5:04  Supply Depot  
  63  5:07  Terran Infantry Weapons Level 1, Terran Infantry Armor Level 1  
  63  5:08  Marine  
  63  5:12  Marine  
  65  5:14  Marine x2  
  65  5:16  Marine  
  65  5:17  SCV  
  65  5:20  Starport Reactor  
  69  5:21  Orbital Command  
  69  5:23  SCV  
  69  5:26  Marine  
  69  5:27  Combat Shield  
  71  5:30  Marine  
  71  5:32  SCV  
  71  5:34  Siege Tank  
  76  5:38  Marine x3  
  79  5:43  SCV  
  79  5:44  SCV  
  79  5:46  Orbital Command  
  81  5:55  SCV  
  81  5:56  Marine x5, Supply Depot  
  87  5:57  Medivac  
  87  5:58  Medivac  
  87  5:59  Supply Depot  
  91  6:09  SCV  
  91  6:10  SCV  
  93  6:15  Barracks  
  93  6:16  Barracks  
  93  6:18  Siege Tank, Marine, SCV  
  98  6:22  Marine, SCV  
  98  6:23  Marine  
  98  6:24  Marine  
  102  6:29  Supply Depot  
  102  6:31  Supply Depot  
  102  6:33  SCV  
  102  6:34  SCV  
  102  6:37  Marine  
  102  6:38  Marine, Supply Depot  
  106  6:40  Marine  
  106  6:41  Medivac  
  109  6:47  Armory  
  109  6:50  Marine x2, SCV x3, Medivac  
  109  6:52  Supply Depot  
  116  7:01  Marine x2  
  116  7:02  Supply Depot, Marine, SCV x2  
  116  7:03  Barracks Reactor x2  
  116  7:04  Supply Depot  
  116  7:06  Siege Tank  
  116  7:07  SCV  
  125  7:15  Marine x2  
  127  7:17  SCV x2  
  127  7:19  SCV  
  127  7:22  Command Center  
  130  7:31  Marine x3  
  130  7:34  Marine x2  
  135  7:38  Barracks  
  135  7:40  Marine x2  
  135  7:41  Barracks  
  135  7:44  Marine x2, Barracks  
  137  7:48  Siege Tank  
  137  7:49  Marine  
  143  7:59  Marine x3  
  143  8:00  Marine x2  
  143  8:01  Marine  
  143  8:02  Marine, Medivac x2  
  154  8:12  Supply Depot x2  
  154  8:13  Supply Depot  
  154  8:18  Marine x2  
  154  8:19  Marine x6  
  163  8:20  Marauder  
  163  8:24  Supply Depot  
  163  8:25  Supply Depot  
  164  8:27  Marine, Supply Depot  
  164  8:33  Marine  
  166  8:36  Marine x3  
  166  8:37  Marine x5  
  166  8:39  Marine  
  166  8:40  Marine  
  176  8:45  Marine  
  177  8:51  Marine  
  177  8:54  Marine x7  
  177  8:55  Marine  
  192  9:01  SCV  
Show
View Real Time Build Order
Export as new Build Order

A.I. 1 (Very Easy) Zerg - Winner!

Build Orders: Hatch First 

Get SALT Encoding   

  12  0:01  Drone  
  13  0:12  Overlord  
  13  0:16  Drone  
  14  0:41  Hatchery  
  13  0:45  Drone  
  14  1:04  Spawning Pool  
  14  1:06  Extractor  
  14  1:08  Drone  
  13  1:15  Drone  
  14  1:20  Overlord  
  14  1:51  Queen  
  14  1:52  Zergling x2  
  17  1:54  Zergling x2  
  17  2:00  Roach Warren  
  17  2:04  Drone  
  18  2:09  Extractor  
  18  2:12  Drone  
  18  2:16  Zergling x2  
  18  2:21  Drone  
  20  2:29  Drone  
  20  2:31  Zergling x2  
  20  2:36  Drone  
  22  2:43  Drone  
  23  2:51  Drone  
  23  2:58  Drone  
  24  3:05  Drone  
  24  3:12  Drone  
  25  3:18  Roach  
  25  3:19  Drone  
  28  3:24  Overlord  
  28  3:29  Drone  
  29  3:36  Drone  
  29  3:40  Lair  
  30  3:43  Drone  
  31  3:52  Drone  
  32  3:59  Drone  
  33  4:05  Zergling x2  
  33  4:06  Overlord, Drone  
  35  4:14  Drone  
  36  4:21  Drone  
  37  4:28  Drone  
  38  4:35  Drone  
  38  4:37  Overseer  
  39  4:40  Overseer  
  39  4:43  Drone  
  40  4:49  Extractor  
  40  4:50  Drone  
  41  4:52  Ravager  
  41  4:54  Roach, Overlord  
  41  4:55  Extractor  
  41  4:57  Drone  
  43  5:04  Drone  
  41  5:12  Drone  
  36  5:19  Drone  
  31  5:26  Drone  
  27  5:33  Drone  
  27  5:41  Roach, Drone  
  30  5:48  Drone  
  31  5:55  Drone  
  32  6:02  Drone  
  33  6:09  Drone  
  34  6:16  Drone  
  35  6:23  Drone  
  36  6:28  Zergling x2  
  36  6:31  Drone  
  38  6:38  Drone  
  39  6:45  Drone  
  40  6:52  Drone  
  41  6:59  Drone  
  42  7:06  Drone  
  43  7:14  Drone  
  43  7:15  Zergling x2  
  45  7:21  Drone  
  46  7:28  Drone  
  47  7:35  Drone  
  48  7:42  Drone  
  49  7:49  Drone  
  50  7:56  Drone  
  51  8:15  Overlord, Overseer  
Tags
 
Add a new tag
Caveats
  • Supply blocks, unpowered buildings, or Contaminate may cause inaccurate times.
  • Supply counts are checked every 10 seconds.